 Dungeon Crawl Stone Soup version 0.22-a0-587-g7d32d7c (webtiles) character file.

3705832 TheNamelessOne the Conqueror (level 27, 245/245 HPs)
             Began as a Hill Orc Fighter on July 4, 2018.
             Was a High Priest of Trog.
             Escaped with the Orb
             ... and 5 runes!
             The game lasted 02:52:09 (58771 turns).

TheNamelessOne the Conqueror (Hill Orc Fighter)    Turns: 58771, Time: 02:52:10

Health: 245/245    AC: 37    Str: 25    XL:     27
Magic:  30/30      EV: 20    Int:  6    God:    Trog [*****.]
Gold:   5753       SH: 25    Dex: 18    Spells: 26/26 levels left

rFire    + + +     SeeInvis +   i - +11 broad axe "Qaok Hang" {chop, rPois Int+4 Stlth+}
rCold    + + +     Gourm    .   c - +0 large shield
rNeg     + + +     Faith    .   h - +5 gold dragon scales
rPois    +         Spirit   .   I - +2 hat {SInv}
rElec    +         Reflect  .   b - +1 cloak of Starlight {rElec rC+ EV+4 Stlth--}
rCorr    .         Harm     .   z - +1 pair of gloves of the Loofah {Regen+ Str+4 Dex+7}
MR       ++...     Rnd*Rage +   t - +2 pair of boots {Fly}
Stlth    ..........             Z - amulet "Rynescha" {rN++ Regen+ Int-2}
HPRegen  1.30/turn              G - ring of Jorijur {rPois rC++ Dex-3 Slay+5 Stlth+}
MPRegen  0.22/turn              k - ring "Yfestriw" {rPois rF+++ rC+ rN+ Str-5}

@: no status effects
A: talons 1, berserk 3, blink, clumsy 1, deformed body, dopey 2, frail 1, no
potion heal 1
0: Orb of Zot
}: 5/15 runes: serpentine, barnacled, slimy, silver, abyssal
a: Blink, Berserk, Trog's Hand, Brothers in Arms, Renounce Religion, Evoke
Flight


You escaped.
You worshipped Trog.
Trog was extremely pleased with you.
You were not hungry.

You visited 10 branches of the dungeon, and saw 54 of its levels.
You visited the Abyss 3 times.
You visited 2 bazaars.
You also visited: Labyrinth, Ice Cave and Desolation.

You collected 9392 gold pieces.
You spent 3639 gold pieces at shops.

Inventory:

Hand Weapons
 i - the +11 broad axe "Qaok Hang" (weapon) {chop, rPois Int+4 Stlth+}
   (Trog gifted it to you on level 5 of the Abyss)

   It inflicts extra damage upon your enemies.
   It affects your intelligence (+4).
   It protects you from poison.
   It makes you more stealthy.
 m - the +2 broad axe of Resut {speed, +Inv rN+ Int+4}
   (Trog gifted it to you on level 1 of the Lair of Beasts)

   Attacks with this weapon are significantly faster.
   It affects your intelligence (+4).
   It protects you from negative energy.
   It lets you turn invisible.
 C - a +8 broad axe of chopping
 Q - a +9 broad axe of freezing
Missiles
 H - 20 silver javelins
 M - 20 steel javelins
 R - 17 javelins of penetration (quivered)
Armour
 b - the +1 cloak of Starlight (worn) {rElec rC+ EV+4 Stlth--}
   (You found it in an ice cave)

   It affects your evasion (+4).
   It protects you from cold.
   It insulates you from electricity.
   It makes you much less stealthy.
 c - a +0 large shield (worn)
 h - +5 gold dragon scales (worn)
 t - a +2 pair of boots of flying (worn)
 z - the +1 pair of gloves of the Loofah (worn) {Regen+ Str+4 Dex+7}
   (You found it on level 4 of the Shoals)

   It affects your strength (+4).
   It affects your dexterity (+7).
   It increases your rate of regeneration.
 I - a +2 hat of see invisible (worn)
 T - the +0 pair of gloves of Higos {rPois rF++ Str+4}
   (You bought it in a shop in a bazaar)

   It affects your strength (+4).
   It greatly protects you from fire.
   It protects you from poison.
Jewellery
 a - a +6 amulet of reflection
 k - the ring "Yfestriw" (right hand) {rPois rF+++ rC+ rN+ Str-5}
   (You found it on level 3 of the Depths)

   [ring of positive energy]

   It affects your strength (-5).
   It renders you almost immune to fire.
   It protects you from cold.
   It protects you from poison.
   It protects you from negative energy.
 G - the ring of Jorijur (left hand) {rPois rC++ Dex-3 Slay+5 Stlth+}
   (You found it on level 10 of the Dungeon)

   [ring of stealth]

   It affects your dexterity (-3).
   It affects your accuracy and damage with ranged weapons and melee attacks
   (+5).
   It greatly protects you from cold.
   It protects you from poison.
   It makes you more stealthy.
 U - an uncursed ring of protection from magic
 Z - the amulet "Rynescha" (around neck) {rN++ Regen+ Int-2}
   (You took it off a vault warden on level 5 of the Vaults)

   [amulet of regeneration]

   It affects your intelligence (-2).
   It greatly protects you from negative energy.
   It increases your rate of regeneration.
Wands
 d - a wand of iceblast (26)
 j - a wand of paralysis (18)
 A - a wand of scattershot (15)
 D - a wand of clouds (26)
 O - a wand of digging (27)
 V - a wand of disintegration (29)
 X - a wand of acid (49)
Scrolls
 e - 5 scrolls of holy word
 g - 9 scrolls of blinking
 n - 5 scrolls of silence
 p - 8 scrolls of fog
 q - 34 scrolls of remove curse
 s - 12 scrolls of magic mapping
 x - 25 scrolls of teleportation
 y - 7 scrolls of summoning
 P - 9 scrolls of fear
 W - 18 scrolls of identify
Potions
 l - 7 potions of agility
 o - 12 potions of brilliance
 r - 5 potions of invisibility
 u - 5 potions of flight
 v - 10 potions of curing
 w - 3 potions of berserk rage
 B - 8 potions of cancellation
 E - 8 potions of haste
 F - 12 potions of heal wounds
 J - 2 potions of resistance
 K - 8 potions of lignification
 L - 7 potions of might
 N - 7 potions of mutation
Comestibles
 f - 88 rations


   Skills:
 O Level 27 Fighting
 O Level 27 Axes
 - Level 13.5 Throwing
 + Level 25.7 Armour
 + Level 17.0 Dodging
 + Level 22.2 Shields
 - Level 10.6 Evocations


You had 26 spell levels left.
You didn't know any spells.
Your spell library was empty.

Dungeon Overview and Level Annotations

Branches:
Dungeon (15/15)            Temple (0/1) D:5            Lair (6/6) D:10
 Shoals (4/4) Lair:2        Snake (4/4) Lair:3        Slime (5/5) Lair:6
    Orc (2/2) D:12            Elf (3/3) Orc:2        Vaults (5/5) D:13
  Crypt (0/3) Vaults:3     Depths (5/5) D:15            Zot (5/5) Depths:5

Altars:
Ashenzari
Dithmenos
Elyvilon
Gozag
Kikubaaqudgha
Makhleb
Okawaru
Trog
Uskayaw
Vehumet
Wu Jian
Yredelemnul
Zin
The Shining One
Beogh
Jiyva
Lugonu

Shops:
Orc:2 ?[[*((   Snake:3 *   Vaults:1 [%(   Vaults:4 (   Depths:4 ?

Portals:
Hell: Depths:1 Depths:2 Depths:3 Depths:4 Depths:5
Abyss: Depths:1 Depths:4 Depths:5
Pandemonium: Depths:3 Depths:5
Ziggurat: Depths:5

Annotations:
D:4 2 transporters
Zot:4 2 transporters


Innate Abilities, Weirdness & Mutations

You have sharp toenails.
You have an uncontrollable temper.
You can translocate small distances at will.
You are clumsy. (Dex -2)
Armour fits poorly on your strangely shaped body.
You are very dopey. (Int -4)
You are frail. (-10% HP)
Potions are less effective at restoring your health.


Message History

HP restored.
There is a stone staircase leading up here.
Your extra speed is starting to run out.
You climb upwards.
Level annotation: 2 transporters
There is a stone staircase leading down here.
You feel yourself slow down.
There is a stone staircase leading up here.
You climb upwards.
There is a stone staircase leading down here.
There is a stone staircase leading up here.
You climb upwards.
There is a stone staircase leading down here.
You can't go up here!
There is a stone staircase leading up here.
You climb upwards.
There is a stone staircase leading down here.
There is an open door here.
There is a staircase leading out of the dungeon here.
You have escaped!

#.....####.########.##### #.....
#.....#.................# #####.
#.....#.#######'#######.#######.
##.####.#.............#.#.......
#.# #.#.###########.#.#.######
#.# #.#.#.........#.#.#.#
#.####.#.#.###.###.#.#.#.#
#....#.#.#.#.....#.#.#.#.#
#.##...#...#..@..#...#...#
#.####.#.#.#.....#.#.#.### #.#
#.#.#.#######.#.#.# #.#
#.#.#.........#.#.# #.#
#.#.###########.#.# #.#
#.#.............#.# #.#
#.#######'#######.# #.#
#.................#
###.########.########.####


There were no monsters in sight!

Vanquished Creatures
  the Royal Jelly (Slime:5)
  7 orbs of fire
  7 ancient liches
  A juggernaut (Depths:5)
  A pandemonium lord (D:13)
  Bai Suzhen (Vaults:3)
  4 curse toes
  9 golden dragons
  2 Killer Klowns (Zot:5)
  A profane servitor (Abyss:5)
  A bone dragon (Depths:1)
  11 tentacled monstrosities
  3 liches
  A Brimstone Fiend (Zot:2)
  4 electric golems
  7 quicksilver dragons
  28 Orb Guardians
  A deep elf master archer (Elf:3)
  7 death cobs
  2 titans (Vaults:5)
  20 acid blobs
  A deep elf blademaster (Elf:3)
  2 Executioners
  11 tentacled starspawn
  4 sphinxes
  16 storm dragons
  6 tengu reavers
  11 shadow dragons
  11 azure jellies
  6 draconian monks
  Ilsuiw (Shoals:4)
  4 draconian knights
  10 nagarajas (Snake:4)
  An iron dragon (Zot:4)
  3 ghost moths
  10 fire giants
  10 draconian scorchers
  5 frost giants
  Louise (D:15)
  2 balrugs
  2 draconian annihilators (Zot:4)
  5 imperial myrmidons (Desolation)
  7 deep elf sorcerers (Elf:3)
  12 vault wardens
  A ghost moth (shapeshifter) (Depths:3)
  6 draconian shifters
  4 deep elf elementalists (Elf:3)
  2 reapers
  2 spriggan defenders
  9 very ugly things
  3 war gargoyles (Vaults:5)
  3 entropy weavers (Vaults:5)
  The ghost of Xyrrigg the Spry, a journeyman SpBe of Trog (Depths:4)
  14 ironheart preservers
  16 stone giants
  A vampire knight (Depths:3)
  10 green draconians
  5 red draconians
  11 black draconians
  7 deep elf demonologists
  9 yellow draconians
  6 deep elf annihilators
  2 minotaurs
  A spark wasp (shapeshifter) (Depths:5)
  9 white draconians
  10 spark wasps
  2 lorocyprocas
  A crystal guardian (Desolation)
  7 merfolk javelineers
  15 purple draconians
  8 death oozes (Slime:5)
  13 fire dragons
  22 ettins
  2 blizzard demons
  Snorg (D:11)
  7 deep elf death magi
  A green death (Depths:5)
  13 ragged hierophants (Desolation)
  14 great orbs of eyes
  Josephine (Orc:2)
  5 jiangshi
  7 merfolk impalers
  8 yaktaur captains
  4 deep elf high priests (Elf:3)
  Fannar (D:12)
  A servant of whispers (Desolation)
  Harold (Lair:4)
  30 small abominations
  9 ice dragons
  4 hydras
  6 rakshasas
  17 naga warriors
  A hell beast (Depths:1)
  2 catoblepae
  30 vault guards
  An anaconda (shapeshifter) (Vaults:5)
  2 satyrs
  4 spriggan air magi
  A merfolk avatar (Shoals:3)
  Erica (D:10)
  2 alligator snapping turtles (Shoals:4)
  28 dancing weapons
  8 centaur warriors
  8 peacekeepers (Desolation)
  2 two-headed ogres (shapeshifter)
  6 deep troll shamans
  9 ogre magi
  26 two-headed ogres
  3 death knights
  13 anacondas
  3 vampire magi
  3 deep troll earth magi
  15 thrashing horrors
  7 merfolk aquamancers
  A titan zombie (Vaults:3)
  6 orc high priests (Orc:2)
  9 shock serpents
  4 tengu warriors
  Urug (D:14)
  3 hell hogs (Abyss:5)
  15 naga sharpshooters
  5 spriggan berserkers
  3 sun demons
  31 deep elf knights
  4 sixfirhies
  4 soul eaters
  Nergalle (Lair:1)
  3 hell knights
  5 salamander mystics
  2 shadow wraiths
  26 sea snakes
  An unseen horror (shapeshifter) (Vaults:5)
  17 wretched stars
  4 unseen horrors
  A spatial maelstrom (Abyss:5)
  A shadow demon (Abyss:4)
  A golden dragon skeleton (Depths:1)
  8 wizards
  6 glowing orange brains
  18 deep trolls
  2 phantasmal warriors (Vaults:5)
  An infernal demonspawn (Depths:3)
  7 flayed ghosts
  10 naga ritualists
  A harpy (shapeshifter) (Depths:1)
  18 ironbrand convokers
  9 necromancers
  4 obsidian statues
  11 deep elf archers
  2 tengu zombies
  61 deep elf magi
  9 harpies
  11 mana vipers
  10 manticores
  4 orc sorcerers
  3 lindwurms (Lair:6)
  38 ugly things
  4 wolf spiders
  10 fauns
  7 shining eyes
  A moth of wrath (shapeshifter) (Depths:3)
  20 orc knights
  11 cyclopes
  A salamander (shapeshifter) (Abyss:5)
  15 salamanders
  15 moths of wrath
  A tengu skeleton (Vaults:3)
  6 worldbinders
  An elephant (Shoals:1)
  A guardian serpent (shapeshifter) (Vaults:1)
  A stone giant skeleton (Vaults:3)
  17 guardian serpents
  4 orange demons
  42 black mambas
  9 merfolk sirens
  2 frost giant skeletons
  8 smoke demons
  2 rust devils
  8 water nymphs
  23 naga magi
  5 torpor snails (Lair:6)
  2 ice statues (IceCv)
  7 eyes of devastation
  A gargoyle (D:14)
  13 vault sentinels
  2 rime drakes (D:11)
  8 spiny frogs
  2 centaur skeletons
  A demonic crawler (Depths:5)
  10 ice devils
  A kobold demonologist (D:12)
  A hellion (Abyss:1)
  2 efreet
  A yaktaur (shapeshifter) (Vaults:3)
  2 tengu conjurers
  6 komodo dragons
  A tormentor (Depths:3)
  11 freezing wraiths
  38 yaktaurs
  A red devil (Depths:2)
  11 ancient zymes
  18 merfolk
  A queen bee (D:9)
  A hellwing (Depths:2)
  A troll (shapeshifter) (Depths:2)
  A jumping spider (shapeshifter) (Depths:3)
  4 trolls
  4 wind drakes
  A silent spectre (Abyss:5)
  3 meliai (Shoals:1)
  A hornet (shapeshifter) (Vaults:1)
  A blink frog (shapeshifter) (Depths:3)
  20 blink frogs
  7 tyrant leeches
  14 hornets
  8 hippogriffs
  An ettin zombie (Vaults:3)
  51 raiju
  4 dream sheep (Shoals:1)
  A fire giant simulacrum (Abyss:5)
  7 snapping turtles
  60 saltlings (Desolation)
  2 hippogriffs (shapeshifter)
  A meliai zombie (D:13)
  112 slime creatures
  A spriggan zombie (Depths:1)
  A frost giant simulacrum (Abyss:5)
  3 redbacks (Vaults:5)
  4 air elementals
  35 large abominations
  An ice dragon skeleton (Depths:1)
  A shadow (D:13)
  39 starcursed masses
  A black mamba zombie (Abyss:1)
  2 spriggans
  6 wraiths
  An ettin skeleton (Vaults:3)
  A spriggan (shapeshifter) (Vaults:3)
  24 water elementals
  12 ynoxinuls
  4 fire elementals
  2 humans (shapeshifter)
  49 yaks
  A wyvern (D:15)
  3 basilisks
  2 vampires (D:13)
  A hungry ghost (Abyss:1)
  Grum (D:11)
  A steam dragon (D:12)
  5 chaos spawn
  6 vampire mosquitoes
  A spatial vortex (Abyss:5)
  4 insubstantial wisps
  4 neqoxecs
  7 wargs
  4 hell hounds (Abyss:2)
  3 acid dragons
  57 nagas
  14 water moccasins
  3 floating eyes (shapeshifter)
  5 porcupines
  2 floating eyes
  52 orc warriors
  3 ice beasts
  A black bear (shapeshifter) (Vaults:1)
  A human zombie (Vaults:3)
  A necrophage (D:6)
  3 phantoms
  3 sky beasts
  4 black bears
  An ettin simulacrum (Abyss:5)
  13 eyes of draining
  An eye of draining (shapeshifter) (Vaults:1)
  35 ogres
  13 wolves
  18 centaurs
  A crocodile (shapeshifter) (Vaults:3)
  4 human skeletons
  10 crocodiles
  A manticore skeleton (Abyss:5)
  3 big kobolds
  20 bullfrogs
  2 wyvern zombies
  A glowing shapeshifter simulacrum (Vaults:3)
  8 earth elementals
  3 jellies
  33 killer bees
  A troll skeleton (Abyss:3)
  4 wights (D:8)
  4 howler monkeys
  An electric eel (Snake:4)
  9 crimson imps
  A human simulacrum (Vaults:1)
  3 centaur zombies
  6 quasits
  2 draconian simulacra (IceCv)
  A bullfrog skeleton (D:12)
  6 hounds
  A bullfrog zombie (D:5)
  8 iron imps
  40 orc priests
  4 iguanas
  12 orc wizards
  4 worker ants
  A hell rat (Depths:5)
  3 troll simulacra (IceCv)
  2 centaur simulacra (IceCv)
  2 hound skeletons
  A howler monkey zombie (D:7)
  8 gnolls
  3 howler monkey skeletons
  2 ogre simulacra (IceCv)
  19 adders
  A naga simulacrum (IceCv)
  A shadow imp (Depths:3)
  4 white imps
  3 ufetubi (Abyss:1)
  An ooze (D:3)
  2 adder skeletons
  A worm (D:4)
  A leopard gecko (D:7)
  110 orcs
  4 giant cockroaches
  10 goblins
  15 hobgoblins
  7 jackals
  5 quokkas
  A ball python (D:7)
  3 bats
  3 frilled lizards
  A jackal zombie (D:8)
  15 kobolds
  A leopard gecko skeleton (D:8)
  9 rats
  A spectral orc (D:7)
  8 crawling corpses
  A fire vortex (Depths:4)
  6 fungi
  A lurking horror (Abyss:5)
  2 plants
  12 starspawn tentacles
2730 creatures vanquished.

Vanquished Creatures (collateral kills)
  The ghost of Verendum the Brawler, an adept TrAK of Lugonu (Snake:3)
  An azure jelly (Slime:3)
  2 imperial myrmidons (Desolation)
  A deep elf elementalist (Elf:3)
  A deep elf high priest (Elf:3)
  A vault guard (D:13)
  4 hydras
  A merfolk avatar (Shoals:1)
  A two-headed ogre (D:13)
  A naga ritualist (Snake:3)
  An orc knight (D:7)
  A deep elf mage (Elf:3)
  3 fauns (Shoals:1)
  A black mamba (Snake:3)
  A merfolk siren (Shoals:1)
  A gargoyle (D:7)
  A komodo dragon (Lair:1)
  A small abomination (Elf:3)
  3 slime creatures (Slime:3)
  4 blink frogs (Lair:1)
  A saltling (Desolation)
  A basilisk (Lair:1)
  A yak (D:13)
  An orc warrior (D:13)
  A centaur (D:7)
  A crocodile (Lair:3)
  An iguana (D:7)
  A butterfly (Lair:1)
39 creatures vanquished.

Vanquished Creatures (others)
  A deep elf master archer (Elf:3)
  A fire giant (Depths:3)
  A ghost moth (Zot:2)
  An angel (D:13)
  2 stone giants
  An ettin (Depths:5)
  3 merfolk javelineers (Shoals:4)
  A deep elf death mage (Elf:2)
  3 yaktaur captains
  An ice dragon (Depths:3)
  2 centaur warriors
  A satyr (Shoals:1)
  A naga sharpshooter (Snake:3)
  A hell hog (Abyss:5)
  A deep elf knight (Elf:2)
  A large abomination (Abyss:4)
  2 deep elf archers
  A moth of wrath (Zot:5)
  5 deep elf magi
  2 fauns (Shoals:1)
  A guardian serpent (Snake:4)
  A black mamba (Snake:4)
  9 yaktaurs
  A red devil (D:13)
  A blink frog (shapeshifter) (Elf:2)
  A blink frog (Abyss:5)
  A raiju (Abyss:4)
  A golden eye (Abyss:3)
  A naga (Snake:1)
  A centaur (Vaults:2)
  2 small abominations
  A scorpion (Depths:5)
  A quasit (Zot:5)
  An orc wizard (D:7)
  2 orcs
  6 fungi
  3 lurking horrors
  53 plants
  16 starspawn tentacles
  2 withered plants (Depths:4)
137 creatures vanquished.

Grand Total: 2906 creatures vanquished

Notes
Turn   | Place    | Note
-------+----------+-------------------------------------------
     0 | D:1      | TheNamelessOne the Hill Orc Fighter began the quest for the Orb.
     0 | D:1      | Reached XP level 1. HP: 19/19 MP: 1/1
   295 | D:1      | Reached XP level 2. HP: 24/27 MP: 2/2
   969 | D:2      | Found a glowing silver altar of Zin.
  1020 | D:2      | Found a radiant altar of Vehumet.
  1063 | D:2      | Reached XP level 3. HP: 30/33 MP: 3/3
  1084 | D:2      | Found a bloodstained altar of Trog.
  1222 | D:2      | Found a glowing golden altar of the Shining One.
  1437 | D:2      | Became a worshipper of Trog the Wrathful
  2126 | D:3      | Found a faded altar of an unknown god.
  2235 | D:3      | Reached XP level 4. HP: 32/40 MP: 4/4
  2837 | D:3      | Reached * piety under Trog
  2920 | D:3      | Found a white marble altar of Elyvilon.
  2926 | D:3      | Reached XP level 5. HP: 47/47 MP: 5/5
  3273 | D:4      | Noticed an ogre
  3283 | D:4      | Killed an ogre
  3283 | D:4      | Reached skill level 5 in Fighting
  3318 | D:4      | Reached XP level 6. HP: 28/56 MP: 6/6
  3422 | D:4      | Reached skill level 5 in Axes
  3488 | D:4      | Found a transporter.
  3709 | D:4      | Found a transporter.
  3787 | D:4      | Reached skill level 5 in Armour
  3787 | D:4      | Reached skill level 5 in Shields
  3906 | D:5      | Entered Level 5 of the Dungeon
  3923 | D:5      | Reached XP level 7. HP: 33/61 MP: 7/7
  4259 | D:5      | Reached ** piety under Trog
  4516 | D:5      | Found a staircase to the Ecumenical Temple.
  4651 | D:5      | Found a hide-covered altar of Uskayaw.
  4791 | D:6      | Got a blackened hat
  4802 | D:6      | Identified the cursed +0 hat of Inference {rC+} (You found it on level 6 of the Dungeon)
  4854 | D:6      | Found a shattered altar of Ashenzari.
  4963 | D:6      | Reached XP level 8. HP: 64/70 MP: 8/8
  5897 | D:7      | Found a basalt altar of Yredelemnul.
  5958 | D:7      | Noticed a spriggan baker
  5981 | D:7      | Killed a spriggan baker
  6153 | D:7      | Reached *** piety under Trog
  6170 | D:7      | Reached XP level 9. HP: 78/78 MP: 9/9
  6367 | D:7      | Found a burning altar of Makhleb.
  6368 | D:7      | Noticed an orc knight
  6369 | D:7      | Noticed a gargoyle
  6381 | D:7      | Found a transporter.
  6393 | D:7      | Found a transporter.
  7223 | D:8      | Found an ornate altar of the Wu Jian Council.
  7395 | D:9      | Found a basalt altar of Yredelemnul.
  7409 | D:9      | Reached **** piety under Trog
  7409 | D:9      | Reached XP level 10. HP: 60/90 MP: 10/10
  7833 | D:9      | Reached skill level 10 in Axes
  7845 | D:9      | Reached skill level 10 in Fighting
  7968 | D:10     | Entered Level 10 of the Dungeon
  8131 | D:10     | Found a staircase to the Lair.
  8131 | D:10     | Noticed Erica
  8412 | D:10     | Killed Erica
  8412 | D:10     | Reached XP level 11. HP: 44/101 MP: 11/11
  8786 | D:10     | Reached ***** piety under Trog
  9018 | D:10     | Reached skill level 10 in Armour
  9019 | D:10     | Reached skill level 10 in Shields
  9220 | D:10     | Got a glittering tin ring
  9298 | D:11     | Identified the ring of Jorijur {rPois rC++ Dex-3 Slay+5 Stlth+} (You found it on level 10 of the Dungeon)
  9361 | D:11     | Noticed a two-headed ogre
  9371 | D:11     | Killed a two-headed ogre
  9408 | D:11     | Found a frozen archway.
  9459 | IceCv    | Entered an ice cave
  9775 | IceCv    | Identified a scroll of acquirement
  9840 | IceCv    | Noticed a necromancer
  9841 | IceCv    | Found the +1 cloak of Starlight {rElec rC+ EV+4 Stlth--}
  9848 | IceCv    | Killed a necromancer
  9857 | IceCv    | Got an encrusted plate armour
  9868 | IceCv    | Identified the +2 plate armour of the Sea {Str+4} (You found it in an ice cave)
  9973 | IceCv    | Reached XP level 12. HP: 111/111 MP: 12/12
 10435 | Lair:1   | Entered Level 1 of the Lair of Beasts
 10562 | Lair:1   | Noticed a four-headed hydra
 10581 | Lair:1   | Received a gift from Trog
 10583 | Lair:1   | Killed a seven-headed hydra
 10587 | Lair:1   | Got an iridescent broad axe {god gift}
 10588 | Lair:1   | Identified the +2 broad axe of Resut {speed, +Inv rN+ Int+4} (Trog gifted it to you on level 1 of the Lair of Beasts)
 10799 | Lair:1   | Noticed a four-headed hydra
 10804 | Lair:1   | Killed a five-headed hydra
 10848 | Lair:1   | Noticed Nergalle
 10862 | Lair:1   | Killed Nergalle
 11744 | Lair:2   | Found a staircase to the Shoals.
 12061 | Lair:3   | Noticed an eight-headed hydra
 12082 | Lair:3   | Killed a ten-headed hydra
 12082 | Lair:3   | Reached XP level 13. HP: 33/122 MP: 13/13
 12423 | Lair:3   | Found a staircase to the Snake Pit.
 13014 | Lair:4   | Found a labyrinth entrance.
 13270 | Lab      | Entered a labyrinth
 13733 | Lab      | Noticed a minotaur
 13738 | Lab      | Killed a minotaur
 13743 | Lab      | Got a faintly humming plate armour
 13754 | Lab      | Identified the cursed +1 plate armour "Gugroul" {Int+2} (You took it off a minotaur in a labyrinth)
 14086 | Lair:4   | Noticed Harold
 14099 | Lair:4   | Killed Harold
 14347 | Lair:5   | Found a burning altar of Makhleb.
 15016 | Lair:6   | Entered Level 6 of the Lair of Beasts
 15314 | Lair:6   | Received a gift from Trog
 15316 | Lair:6   | Reached skill level 15 in Axes
 15317 | Lair:6   | Reached XP level 14. HP: 132/132 MP: 14/14
 15465 | Lair:6   | Found a staircase to the Slime Pits.
 15558 | Lair:6   | Found a viscous altar of Jiyva.
 15912 | Lair:6   | Received a gift from Trog
 15916 | Lair:6   | Found a runed door.
 16370 | D:11     | Found a roughly hewn altar of Beogh.
 16508 | D:11     | Noticed Snorg
 16519 | D:11     | Killed Snorg
 16729 | D:11     | Noticed Grum
 16746 | D:11     | Killed Grum
 16973 | D:12     | Found a staircase to the Orcish Mines.
 16977 | D:12     | Noticed Fannar
 16998 | D:12     | Killed Fannar
 17189 | D:12     | Received a gift from Trog
 17416 | D:12     | Found the +8 longbow "Zephyr" {speed, Dex+3 SInv}
 17860 | D:13     | Reached skill level 15 in Fighting
 17891 | D:13     | Found a gate to the Vaults.
 18354 | D:13     | Reached XP level 15. HP: 141/141 MP: 15/15
 18522 | D:13     | You fall through a shaft for 2 floors!
 18522 | D:15     | Entered Level 15 of the Dungeon
 18747 | D:15     | Found a staircase to the Depths.
 18753 | D:15     | Received a gift from Trog
 18762 | D:15     | Reached ****** piety under Trog
 18807 | D:15     | Got a smoking eveningstar {god gift}
 18808 | D:15     | Identified the +2 eveningstar "Fenwuis" {protect, Int+4 SInv} (Trog gifted it to you on level 15 of the Dungeon)
 19122 | D:15     | Noticed Louise
 19137 | D:15     | Cast into level 3 of the Abyss (Louise)
 19228 | D:15     | Escaped the Abyss
 19242 | D:15     | Killed Louise
 19623 | D:14     | You fall through a shaft!
 19657 | D:14     | Noticed Urug
 19665 | D:14     | Killed Urug
 19949 | D:13     | You fall through a shaft for 2 floors!
 20147 | Orc:1    | Entered Level 1 of the Orcish Mines
 20365 | Orc:1    | Paralysed by an orc sorcerer for 3 turns
 20394 | Orc:1    | Paralysed by an orc sorcerer for 5 turns
 20577 | Orc:1    | Found a bloodstained altar of Trog.
 20618 | Orc:2    | Entered Level 2 of the Orcish Mines
 20618 | Orc:2    | Found Utabac's Weapon Emporium.
 20618 | Orc:2    | Found Jiskaoco's Distillery.
 20833 | Orc:2    | Noticed Josephine
 20849 | Orc:2    | Killed Josephine
 20859 | Orc:2    | Found Josecozi's Magic Scroll Emporium.
 20883 | Orc:2    | Received a gift from Trog
 20999 | Orc:2    | Reached skill level 15 in Shields
 21027 | Orc:2    | Found an iron altar of Okawaru.
 21045 | Orc:2    | Bought a scroll of silence for 112 gold pieces
 21126 | Orc:2    | Found a staircase to the Elven Halls.
 21310 | Orc:2    | Reached skill level 15 in Armour
 21587 | Orc:2    | Received a gift from Trog
 21596 | Orc:2    | Reached XP level 16. HP: 34/152 MP: 16/16
 21674 | Orc:2    | Found Vefuetei's Antique Armour Emporium.
 21674 | Orc:2    | Found Ficer's Antique Armour Emporium.
 21675 | Orc:2    | Found Fymmyen's Antique Weapon Emporium.
 21675 | Orc:2    | Found Anisoa's General Store.
 21697 | Orc:2    | Bought ichor-stained storm dragon scales for 2125 gold pieces
 21707 | Orc:2    | Identified the +5 storm dragon scales of the Wild Haggis {-Tele *Drain rElec rN+++ MP+9} (You bought it in a shop on level 2 of the Orcish Mines)
 21994 | Snake:1  | Entered Level 1 of the Snake Pit
 23781 | Snake:3  | Reached skill level 1 in Dodging
 23831 | Snake:3  | Reached XP level 17. HP: 104/162 MP: 17/17
 24303 | Snake:3  | Received a gift from Trog
 24367 | Snake:3  | Found a runed gate.
 24367 | Snake:3  | Found a runed gate.
 24367 | Snake:3  | Found a runed gate.
 24367 | Snake:3  | Found an opulent altar of Gozag.
 24367 | Snake:3  | Noticed Verendum's ghost (adept TrAK)
 24368 | Snake:3  | Found Rutocosa's Assorted Antiques.
 24388 | Snake:3  | Killed Verendum's ghost
 24390 | Snake:3  | Received a gift from Trog
 24398 | Snake:3  | Bought a brightly glowing broad axe for 171 gold pieces
 24398 | Snake:3  | Identified the cursed +0 broad axe "Roppurri" {elec, +Blink Dex+3} (You bought it in a shop on level 3 of the Snake Pit)
 24662 | Snake:4  | Entered Level 4 of the Snake Pit
 25307 | Snake:4  | Received a gift from Trog
 25323 | Snake:4  | Reached skill level 5 in Dodging
 25327 | Snake:4  | Got a crude broad axe {god gift}
 25328 | Snake:4  | Identified the +1 broad axe "Tupp" {flame, rElec rC- Str+5 Stlth+} (Trog gifted it to you on level 4 of the Snake Pit)
 25580 | Snake:4  | Reached XP level 18. HP: 173/173 MP: 18/18
 25597 | Snake:4  | Received a gift from Trog
 26101 | Snake:4  | Got a serpentine rune of Zot
 26404 | Vaults:1 | Entered Level 1 of the Vaults
 26418 | Vaults:1 | Found Votegg's Weapon Boutique.
 26507 | Vaults:1 | Received a gift from Trog
 27005 | Vaults:1 | Found Leyweolu's Antique Armour Shop.
 27081 | Vaults:1 | Found Caad's Food Emporium.
 27319 | Vaults:1 | Reached XP level 19. HP: 170/184 MP: 19/19
 27977 | Vaults:2 | Received a gift from Trog
 28663 | Vaults:2 | Found a radiant altar of Vehumet.
 28663 | Vaults:2 | Noticed a lich
 28678 | Vaults:2 | Killed a lich
 28977 | Vaults:2 | Received a gift from Trog
 29591 | Vaults:3 | Found a staircase to the Crypt.
 29591 | Vaults:3 | Found a basalt altar of Yredelemnul.
 29594 | Vaults:3 | Noticed Bai Suzhen
 29607 | Vaults:3 | Killed Bai Suzhen
 29607 | Vaults:3 | Reached skill level 10 in Dodging
 29608 | Vaults:3 | Found an ancient bone altar of Kikubaaqudgha.
 29615 | Vaults:3 | Received a gift from Trog
 29677 | Vaults:3 | Reached XP level 20. HP: 110/195 MP: 20/20
 29927 | Vaults:3 | Found a ruined gateway.
 29938 | Desolati | Entered the Desolation of Salt
 29987 | Desolati | Got a scintillating ivory ring
 29989 | Desolati | Identified the ring of Ruofof {Str+2 Int+4 SInv} (You found it in the Desolation of Salt)
 30020 | Desolati | Got a shimmering glass ring
 30022 | Desolati | Identified the ring "Basmy" {rPois rC++ MP-9 Str-2 Dex+4} (You found it in the Desolation of Salt)
 30076 | Desolati | Received a gift from Trog
 30380 | Desolati | Received a gift from Trog
 30519 | Desolati | Got a wavering lapis lazuli ring
 30521 | Desolati | Identified the ring "Zesoekh" {-Tele *Slow Int+6 Dex+6} (You found it in the Desolation of Salt)
 30530 | Desolati | Identified Sif Muna's Guide on Hexes and Heat
 31202 | Vaults:3 | Received a gift from Trog
 31760 | Vaults:4 | Reached XP level 21. HP: 206/206 MP: 21/21
 32025 | Vaults:4 | Received a gift from Trog
 32202 | Vaults:4 | Reached skill level 1 in Evocations
 32471 | Vaults:4 | Found Goibionn's Antique Weapon Boutique.
 32940 | Vaults:5 | Entered Level 5 of the Vaults
 32968 | Vaults:5 | Found the +8 demon blade "Leech" {vamp, rN+ AC-3 EV-3}
 33076 | Vaults:5 | Noticed an ancient lich
 33088 | Vaults:5 | Killed an ancient lich
 33149 | Vaults:5 | Reached skill level 5 in Evocations
 33181 | Vaults:5 | Noticed an ancient lich
 33201 | Vaults:5 | Killed an ancient lich
 33201 | Vaults:5 | Received a gift from Trog
 33260 | Vaults:5 | Noticed an ancient lich
 33280 | Vaults:5 | Killed an ancient lich
 33280 | Vaults:5 | Reached XP level 22. HP: 197/220 MP: 25/27
 33312 | Vaults:5 | Got a wavering iron amulet
 33313 | Vaults:5 | Identified the amulet "Rynescha" {rN++ Regen+ Int-2} (You took it off a vault warden on level 5 of the Vaults)
 33337 | Vaults:5 | Identified the ring of Axooph {rElec EV+2 Dex+4} (You took it off a yaktaur captain on level 5 of the Vaults)
 33482 | Vaults:5 | Got a silver rune of Zot
 33646 | Vaults:5 | Identified the ring "Teyg" {+Inv rElec Stlth-} (You took it off a vault guard on level 5 of the Vaults)
 33931 | Vaults:5 | Identified the Incunabulum of Fetching Attacks
 34371 | Vaults:5 | Received a gift from Trog
 34394 | Vaults:5 | Got a brightly glowing brass ring
 34396 | Vaults:5 | Identified the ring "Galentom" {Str-3 Int+7 Stlth+} (You found it on level 5 of the Vaults)
 34955 | Shoals:1 | Entered Level 1 of the Shoals
 35214 | Shoals:1 | Found a hide-covered altar of Uskayaw.
 36440 | Shoals:3 | Received a gift from Trog
 36780 | Shoals:4 | Entered Level 4 of the Shoals
 36853 | Shoals:4 | Reached XP level 23. HP: 112/229 MP: 30/30
 36962 | Shoals:4 | Reached skill level 10 in Evocations
 37023 | Shoals:4 | Noticed Ilsuiw
 37056 | Shoals:4 | Killed Ilsuiw
 37188 | Shoals:4 | Got a barnacled rune of Zot
 37376 | Shoals:4 | Got a pair of distressingly furry gloves
 37382 | Shoals:4 | Identified the +1 pair of gloves of the Loofah {Regen+ Str+4 Dex+7} (You found it on level 4 of the Shoals)
 38292 | Depths:1 | Entered Level 1 of the Depths
 38319 | Depths:1 | Reached skill level 1 in Throwing
 38490 | Depths:1 | Found a one-way gate to the infinite horrors of the Abyss.
 38565 | Depths:1 | Received a gift from Trog
 38778 | Depths:1 | Found a gateway to Hell.
 39100 | Depths:2 | Received a gift from Trog
 39495 | Depths:3 | Paralysed by a floating eye for 3 turns
 39498 | Depths:3 | Received a gift from Trog
 39725 | Depths:3 | Reached XP level 24. HP: 200/240 MP: 30/30
 39851 | Depths:3 | Reached skill level 5 in Throwing
 40277 | Depths:3 | Found a one-way gate leading to the halls of Pandemonium.
 40513 | Depths:3 | Received a gift from Trog
 40546 | Depths:3 | Got a coiled copper ring
 40548 | Depths:3 | Reached XP level 25. HP: 233/248 MP: 30/30
 40549 | Depths:3 | Reached XP level 26. HP: 243/257 MP: 30/30
 40554 | Depths:3 | Identified the ring "Yfestriw" {rPois rF+++ rC+ rN+ Str-5} (You found it on level 3 of the Depths)
 40560 | Depths:3 | Got a sparkling steel ring
 40563 | Depths:3 | Identified the ring of Pieziuz {AC+3 Int+4} (You found it on level 3 of the Depths)
 40887 | Depths:4 | Found Nock's Magic Scroll Boutique.
 40889 | Depths:4 | Found a runed door.
 40889 | Depths:4 | Noticed Xyrrigg's ghost (journeyman SpBe)
 40894 | Depths:4 | Bought a scroll of acquirement for 676 gold pieces
 40935 | Depths:4 | Received a gift from Trog
 41772 | Depths:4 | Noticed a juggernaut
 42000 | Depths:4 | Killed Xyrrigg's ghost
 42019 | Depths:5 | Entered Level 5 of the Depths
 42034 | Depths:5 | Found a gateway to a ziggurat.
 42062 | Depths:5 | Found a flickering gateway to a bazaar.
 42087 | Bazaar   | Entered a bazaar
 42091 | Bazaar   | Found Uxzolev's Armour Boutique.
 42109 | Bazaar   | Found Xeefaytt's Gadget Emporium.
 42126 | Bazaar   | Found Puhiduy's Book Boutique.
 42143 | Bazaar   | Found Oceot's Distillery.
 42166 | Bazaar   | Bought a +1 pair of boots of flying for 181 gold pieces
 42226 | Depths:5 | Found a runed gate.
 42226 | Depths:5 | Found a runed gate.
 42227 | Depths:5 | Found a runed gate.
 42230 | Depths:5 | Noticed a juggernaut
 42246 | Depths:5 | Killed a juggernaut
 42349 | Depths:5 | Found a corrupted altar of Lugonu.
 42537 | Depths:5 | Paralysed by a great orb of eyes for 6 turns
 42793 | Depths:5 | Found a gate to the Realm of Zot.
 43086 | Depths:5 | Received a gift from Trog
 43086 | Depths:5 | Reached skill level 10 in Throwing
 43206 | Depths:5 | Received a gift from Trog
 43438 | Depths:4 | Reached XP level 27. HP: 266/266 MP: 30/30
 43761 | Elf:1    | Entered Level 1 of the Elven Halls
 44111 | Elf:1    | Received a gift from Trog
 44222 | Elf:1    | Received a gift from Trog
 44678 | Elf:2    | Found a runed gate.
 44678 | Elf:2    | Found a runed gate.
 44678 | Elf:2    | Found a runed gate.
 44742 | Elf:2    | Found a gateway to a bazaar.
 44761 | Bazaar   | Entered a bazaar
 44761 | Bazaar   | Found Oriymusi's Armour Emporium.
 44761 | Bazaar   | Found Uwem's Weapon Shop.
 44761 | Bazaar   | Found Ahuic's Jewellery Shoppe.
 44761 | Bazaar   | Found Tuze's General Store.
 44763 | Bazaar   | Found Bouler's Jewellery Shoppe.
 44765 | Bazaar   | Bought the +0 pair of gloves of Higos {rPois rF++ Str+4} for 374 gold pieces
 44907 | Elf:2    | Received a gift from Trog
 45000 | Elf:3    | Entered Level 3 of the Elven Halls
 45548 | Elf:3    | Received a gift from Trog
 45624 | Elf:3    | Got a shimmering brass ring
 45635 | Elf:3    | Gained mutation: You are dopey. (Int -2) [a neqoxec]
 45709 | Elf:3    | Identified the ring of Secrets {rN+ MR+} (You took it off a deep elf death mage on level 3 of the Elven Halls)
 46127 | Elf:3    | Identified the cursed +0 pair of gloves "Heabrac" {-Cast rN+ rCorr} (You found it on level 3 of the Elven Halls)
 46147 | Elf:3    | Identified the Catalogue of Attacks and Summoning
 46369 | Elf:2    | Received a gift from Trog
 46885 | Slime:1  | Entered Level 1 of the Pits of Slime
 47157 | Slime:2  | Gained mutation: You occasionally shout uncontrollably at your foes. [a shining eye]
 47365 | Slime:1  | Received a gift from Trog
 47389 | Slime:1  | Identified the +6 broad axe "Tuemoywk" {holy, rPois MR+ Str+2 Int-5} (Trog gifted it to you on level 1 of the Pits of Slime)
 47736 | Slime:3  | Gained mutation: You are very dopey. (Int -4) [a shining eye]
 47740 | Slime:3  | Gained mutation: You tend to lose your temper in combat. [a shining eye]
 48315 | Slime:5  | Entered Level 5 of the Pits of Slime
 48338 | Slime:5  | Noticed the Royal Jelly
 48443 | Slime:5  | Received a gift from Trog
 48446 | Slime:5  | Reached skill level 27 in Fighting
 48732 | Slime:5  | Killed the Royal Jelly
 48996 | Slime:5  | Identified the Grimoire of Cloudy Toxins
 49001 | Slime:5  | Received a gift from Trog
 49034 | Slime:5  | Got a bound granite ring
 49035 | Slime:5  | Identified the ring of Waugutex {+Fly Str+3 Dex+2} (You found it on level 5 of the Pits of Slime)
 49067 | Slime:5  | Identified Sif Muna's Disquisition on Quantum Combat Magic
 49109 | Slime:5  | Got a slimy rune of Zot
 49444 | Depths:1 | Voluntarily entered the Abyss.
 49712 | Abyss:4  | Gained mutation: Your body sometimes deteriorates upon taking damage. [a neqoxec]
 49749 | Abyss:4  | Received a gift from Trog
 49851 | Abyss:4  | Paralysed by accursed screaming for 1 turns
 49884 | Depths:1 | Escaped the Abyss
 50177 | Depths:1 | Voluntarily entered the Abyss.
 50862 | Abyss:1  | Received a gift from Trog
 50979 | Abyss:1  | Gained mutation: You have sharp toenails. [a shining eye]
 50980 | Abyss:1  | Gained mutation: You are clumsy. (Dex -2) [a shining eye]
 50991 | Abyss:1  | Paralysed by accursed screaming for 2 turns
 51844 | Abyss:4  | Received a gift from Trog
 51863 | Abyss:5  | Entered Level 5 of the Abyss
 52040 | Abyss:5  | Received a gift from Trog
 52123 | Abyss:5  | Received a gift from Trog
 52136 | Abyss:5  | Identified the +11 broad axe "Qaok Hang" {chop, rPois Int+4 Stlth+} (Trog gifted it to you on level 5 of the Abyss)
 52346 | Abyss:5  | Gained mutation: Armour fits poorly on your strangely shaped body. [a neqoxec]
 52399 | Abyss:5  | Paralysed by accursed screaming for 2 turns
 52528 | Abyss:5  | Found a corrupted altar of Lugonu.
 52528 | Abyss:5  | Found a bloodstained altar of Trog.
 52621 | Abyss:5  | Got an abyssal rune of Zot
 52666 | Depths:1 | Escaped the Abyss
 52864 | Zot:1    | Entered Level 1 of the Realm of Zot
 52865 | Zot:1    | Lost mutation: You occasionally shout uncontrollably at your foes. [potion of mutation]
 52865 | Zot:1    | Lost mutation: Your body sometimes deteriorates upon taking damage. [potion of mutation]
 52865 | Zot:1    | Gained mutation: Your system is resistant to poisons. (rPois) [potion of mutation]
 52929 | Zot:1    | Received a gift from Trog
 53113 | Zot:1    | Found a shadowy altar of Dithmenos.
 53376 | Zot:1    | Received a gift from Trog
 53858 | Zot:2    | Reached skill level 15 in Dodging
 54606 | Zot:2    | Noticed an orb of fire
 54614 | Zot:2    | Killed an orb of fire
 55039 | Zot:3    | Received a gift from Trog
 55876 | Zot:3    | Received a gift from Trog
 56080 | Zot:3    | Received a gift from Trog
 56080 | Zot:3    | Reached skill level 27 in Axes
 56383 | Zot:4    | Found a transporter.
 56399 | Zot:4    | Received a gift from Trog
 56472 | Zot:4    | Found a transporter.
 57347 | Zot:5    | Entered Level 5 of the Realm of Zot
 57582 | Zot:5    | Noticed an orb of fire
 57586 | Zot:5    | Gained mutation: Potions are less effective at restoring your health. [an orb of fire]
 57588 | Zot:5    | Noticed an orb of fire
 57590 | Zot:5    | Noticed an orb of fire
 57594 | Zot:5    | Killed an orb of fire
 57598 | Zot:5    | Killed an orb of fire
 57607 | Zot:5    | Noticed an ancient lich
 57613 | Zot:5    | Killed an orb of fire
 57615 | Zot:5    | Killed an ancient lich
 57751 | Zot:5    | Noticed an ancient lich
 57761 | Zot:5    | Received a gift from Trog
 57767 | Zot:5    | Killed an ancient lich
 57827 | Zot:5    | Noticed an orb of fire
 57828 | Zot:5    | Gained mutation: You can translocate small distances at will. [an orb of fire]
 57849 | Zot:5    | Killed an orb of fire
 57852 | Zot:5    | Noticed an ancient lich
 57866 | Zot:5    | Killed an ancient lich
 57899 | Zot:5    | Noticed an ancient lich
 57903 | Zot:5    | Noticed an orb of fire
 57909 | Zot:5    | Noticed an orb of fire
 57910 | Zot:5    | Killed an ancient lich
 57915 | Zot:5    | Lost mutation: Your system is resistant to poisons. (rPois) [an orb of fire]
 57916 | Zot:5    | Killed an orb of fire
 57919 | Zot:5    | Gained mutation: You often lose your temper in combat. [an orb of fire]
 57926 | Zot:5    | Gained mutation: You have an uncontrollable temper. [an orb of fire]
 57927 | Zot:5    | Gained mutation: You are frail. (-10% HP) [an orb of fire]
 57929 | Zot:5    | Killed an orb of fire
 58103 | Zot:5    | Got the Orb of Zot
 58581 | D:13     | Noticed Sirhuj the pandemonium lord
 58594 | D:13     | Killed Sirhuj the pandemonium lord
 58771 | D:$      | Escaped with the Orb!

Vault maps used:
D:1:      matt_arrival_refuge
D:2:      wad_pebble_path, zin_academy, nicolae_tso_swordbearing_angel,
          overflow_temple_1_default, first_ration, trog_three_pillars_becter
D:3:      lemuel_round_altar, chequers_ecumenical_altar_island
D:4:      gammafunk_steamed_eel
D:5:      lemuel_coloured_pillars_altar, temple_pool_b
D:6:      evilmike_ruin_ashenzari, sigmund_army
D:7:      yredelemnul_forgotten_temple_becter, gammafunk_temple_overflow_arena,
          the_bakery
D:8:      old_standard_altar
D:9:      basic_altar
D:10:     david_lair_shrubbed, uniq_erica
D:11:     portal_ice_cave_rime, uniq_grum, uniq_snorg
D:12:     orc_0_dummy, special_room, uniq_fannar
D:13:     lightli_vaults_fourway_checkpoint
D:14:     minmay_misc_feat_enclosed, uniq_urug
D:15:     hangedman_depths_entry_civil_slaughter, grunt_decor_clamped,
          uniq_louise
Lair:1:   grunt_megastairs_4, lemuel_fruit_fields, serial_bayou_shore_a,
          lemuel_fruit_fields, uniq_nergalle
Lair:2:   minmay_shoals_entry_beasts
Lair:3:   minmay_snake_entry_six_corridors, grunt_megastairs_2,
          serial_bayou_shore_b
Lair:4:   lab_entry_generic, uniq_harold
Lair:5:   basic_altar
Lair:6:   wormcave, slime_altar_1
Shoals:1: cheibrodos_shoals_satyrical_garden, regret_index_shoals_crete
Shoals:2: nicolae_shoals_square_sea_wall
Shoals:3: shoals_oasis
Shoals:4: shoals_end_simple, shoals_ilsuiw_ice, uniq_ilsuiw
Snake:3:  ebering_ghost_gozag
Snake:4:  grunt_snake_rune_serpentine_throne
Slime:2:  nicolae_slime_barrier
Orc:1:    trog_hazing_becter
Orc:2:    st_orc_pillars, serial_shops, nicolae_shop_stone,
          nicolae_shop_window_shopping, shop_statue, okawaru_metal_pillars_1_2,
          uniq_josephine
Elf:1:    elf_arrival_002, hangedman_corner_corridor, minivault_26
Elf:2:    serial_shops, freezing_bzr
Elf:3:    minmay_elf_hall_curves
Vaults:1: v_rooms_4, v_misc_28, vaults_mumra_minichess, vaults_room_boxed,
          v_misc_33, nicolae_vaults_little_squares_4,
          hangedman_vaults_stretched_pinwheel, v_misc_22,
          hangedman_vaults_nails, vaults_room_semicircle, serial_shops,
          nicolae_shop_competitors_out_of_business, shop,
          nicolae_shop_window_shopping
Vaults:2: v_rooms_6, grunt_tower_of_power, nicolae_vaults_ninety_degrees,
          vaults_dpeg_cross, ontoclasm_vaults_idyll, v_pattern_2,
          dpeg_vaults_monster_box, nicolae_vaults_specimen_jars,
          vaults_dpeg_ring
Vaults:3: ontoclasm_vaults_gateway, nicolae_vaults_shelves_hall,
          nicolae_vaults_little_squares_1, minmay_crypt_entry_necro_gods,
          v_rooms_4, st_squares, hangedman_vaults_stretched_pinwheel,
          nicolae_vaults_bisected_exclaves, nicolae_vaults_circle_grid_a,
          nicolae_vaults_disjoint_gnomons, grunt_vaults_funnel, v_misc_19,
          hangedman_vaults_river_flow, nicolae_vaults_little_ls,
          nicolae_vaults_three_branches, ontoclasm_vaults_ligature,
          portal_desolation_entry_garden, uniq_bai_suzhen
Vaults:4: v_rooms_1, nicolae_vaults_mini_display_case, hangedman_vaults_cutoff,
          vaults_mumra_minichess_inversion, nicolae_vaults_twisting_passages,
          vaults_room_semicircle, v_alt_pattern_2,
          nicolae_vaults_little_squares_3, v_misc_17, grunt_vaults_diagonal,
          vaults_mumra_chevron, ontoclasm_vaults_ring_large,
          nicolae_vaults_statue_guard, serial_shops, shop_coins
Vaults:5: serial_shops
Depths:1: abyss_entry_crystal, dk_noncrumbling_4, grunt_mini_vestibule,
          serial_bayou_lake_a
Depths:2: minmay_distorted_concentric_squares, hellmouth_1
Depths:3: minmay_the_grid_triangle_9x9_recursive_3_mashed,
          pf_hell_entry_great_geh, grunt_pan_entry_in_and_out,
          serial_bayou_pond_b
Depths:4: evilmike_inaccessible_box, serial_co_window_serial,
          co_window_of_opportunity_a, co_window_paths_b,
          co_window_of_opportunity_a, co_window_paths_a, co_window_paths_b,
          co_window_corner_a, co_window_paths_a, co_window_unsneaky_path_c,
          co_window_unsneaky_path_d, co_window_of_opportunity_b, abyss_entry,
          hangedman_tar_grid_catacomb, gammafunk_ghost_grave, serial_shops,
          shop, serial_bayou_pond_b
Depths:5: grunt_bruiser_brothers, enter_ziggurat_b, pan_entry, hell_entry,
          abyss_entry_flame_altar, minmay_splitting_lines, serial_shops,
          bzr_entry_islet, pandoras_box_mu, serial_bayou_shore_b
Zot:1:    basic_altar
Zot:3:    grunt_megastairs_3
Zot:4:    gammafunk_its_a_trap, st_stairs_2, st_large_dragon_hoard_4
Abyss:1:  lemuel_flamethrower_2
Abyss:2:  hangedman_abyss_sting, evilmike_abyss_exit_10
Abyss:3:  evilmike_abyss_exit_16, patterned_corridor
Abyss:4:  gammafunk_corrupted_shrine, minivault_25_ag,
          evilmike_abyss_rune_tso_outpost
Abyss:5:  hangedman_abyss_rune_flesh_and_stone, evilmike_abyss_exit_glass
Lab:      labyrinth_watery
Bazaar:   bazaar_jpeg_circle_common, bazaar_minmay_generic_island
IceCv:    ice_cave_tombish

Skill      XL: |  1  2  3  4  5  6  7  8  9 10 11 12 13 14 15 16 17 18 19 20 21 22 23 24 25 26 27 |
---------------+----------------------------------------------------------------------------------+-----
Axes           | 3 4 5 6 7 9 11 12 13 15 16 17 18 27 | 27.0
Fighting       | 4 5 6 7 9 10 11 13 14 15 16 17 18 19 20 21 23 24 25 27 | 27.0
Armour         | 4 5 7 8 9 10 12 13 14 15 16 17 18 19 20 21 22 23 25 | 25.7
Shields        | 4 5 6 8 9 10 12 13 14 15 16 17 18 19 20 22 | 22.2
Dodging        | 1 5 8 10 11 17 | 17.0
Evocations     | 6 9 10 | 10.6
Throwing       | 4 6 8 10 13 | 13.5

Action                   |  1- 3 |  4- 6 |  7- 9 | 10-12 | 13-15 | 16-18 | 19-21 | 22-24 | 25-27 || total
-------------------------+-------+-------+-------+-------+-------+-------+-------+-------+-------++-------
Melee: War axe           |   164 |   120 |   367 |   442 |       |       |       |       |       ||  1093
       Broad axe         |       |       |       |   105 |  1156 |   779 |  1232 |  1167 |  2753 ||  7192
Throw: Javelin           |       |       |       |       |       |       |       |       |    20 ||    20
Invok: Berserk           |       |     1 |    11 |    15 |    21 |     9 |     8 |     2 |    19 ||    86
       Trog's Hand       |       |       |     2 |     4 |     4 |     3 |     5 |     5 |    32 ||    55
       Brothers in Arms  |       |       |       |     4 |     2 |     2 |     3 |     1 |     4 ||    16
 Abil: Stop Flying       |       |       |       |       |       |       |       |       |     1 ||     1
Evoke: Wand              |       |       |       |       |     1 |       |       |     1 |     3 ||     5
  Use: Potion            |     5 |       |       |     4 |       |       |     1 |     2 |    19 ||    31
       Scroll            |       |     4 |     9 |     7 |    14 |     7 |     8 |     9 |    27 ||    85
 Stab: Distracted        |       |       |       |       |     1 |     1 |       |     1 |     3 ||     6
  Eat: Chunk             |     4 |     7 |    15 |    19 |    45 |    14 |    30 |    26 |    47 ||   207
       Ration            |       |       |     2 |     4 |     2 |     5 |       |     1 |    14 ||    28
Armor: Plate armour      |   119 |    68 |   207 |   225 |   356 |   205 |   194 |   219 |    55 ||  1648
       Scale mail        |     2 |       |       |       |       |       |       |       |       ||     2
       Skin              |       |       |       |   127 |       |       |       |       |       ||   127
       Gold dragon scale |       |       |       |       |       |       |       |       |   596 ||   596
Dodge: Dodged            |    45 |    28 |   103 |   178 |   321 |   141 |   226 |   291 |   711 ||  2044
Block: Shield            |   115 |    68 |   254 |   348 |   639 |    57 |       |       |       ||  1481
       Reflection        |       |       |       |       |    32 |   111 |    73 |   105 |   124 ||   445
       Large shield      |       |       |       |       |       |   748 |  1017 |  1247 |  2507 ||  5519

Table legend:
 A = Spawn XP
 B = Non-spawn XP
 C = Spawn XP percentage of total XP
 D = Spawn monster count
 E = Non-spawn monster count
 F = Spawn count percentage of total count
 G = Total turns spent on level
                    A         B        C        D         E        F      G
               +---------+---------+-------+---------+---------+-------+---------
         Total |  112356 | 1693259 |   6.2 |     227 |    2514 |   8.3 | 58771
               +---------+---------+-------+---------+---------+-------+---------
           D:1 |       0 |      17 |   0.0 |       0 |      12 |   0.0 |   992
           D:2 |       0 |      24 |   0.0 |       0 |       8 |   0.0 |   949
           D:3 |       0 |     149 |   0.0 |       0 |      26 |   0.0 |  1369
           D:4 |       0 |     402 |   0.0 |       0 |      12 |   0.0 |   661
           D:5 |       0 |     425 |   0.0 |       0 |      10 |   0.0 |   868
           D:6 |       0 |     437 |   0.0 |       0 |      20 |   0.0 |   833
           D:7 |       0 |    2455 |   0.0 |       0 |      41 |   0.0 |   993
           D:8 |       0 |     984 |   0.0 |       0 |      22 |   0.0 |   903
           D:9 |       0 |    3871 |   0.0 |       0 |      44 |   0.0 |  1129
          D:10 |       0 |    4120 |   0.0 |       0 |      36 |   0.0 |  1087
          D:11 |       0 |    6461 |   0.0 |       0 |      53 |   0.0 |  1002
          D:12 |       0 |    6095 |   0.0 |       0 |      39 |   0.0 |   908
          D:13 |       0 |   13900 |   0.0 |       0 |      46 |   0.0 |  1092
          D:14 |       0 |    3504 |   0.0 |       0 |       5 |   0.0 |   668
          D:15 |       0 |   13430 |   0.0 |       0 |      30 |   0.0 |   956
        Lair:1 |       0 |    6774 |   0.0 |       0 |      29 |   0.0 |  1119
        Lair:2 |       0 |    2914 |   0.0 |       0 |      12 |   0.0 |   634
        Lair:3 |       0 |    7183 |   0.0 |       0 |      35 |   0.0 |  1076
        Lair:4 |       0 |    2256 |   0.0 |       0 |       5 |   0.0 |   785
        Lair:5 |       0 |    7148 |   0.0 |       0 |      28 |   0.0 |   846
        Lair:6 |       0 |   20230 |   0.0 |       0 |      54 |   0.0 |  1415
      Shoals:1 |       0 |   18674 |   0.0 |       0 |      42 |   0.0 |   667
      Shoals:2 |       0 |    8219 |   0.0 |       0 |      17 |   0.0 |   596
      Shoals:3 |       0 |    8254 |   0.0 |       0 |      17 |   0.0 |   674
      Shoals:4 |       0 |   43474 |   0.0 |       0 |      64 |   0.0 |  1007
       Snake:1 |       0 |   19489 |   0.0 |       0 |      41 |   0.0 |   894
       Snake:2 |       0 |   19344 |   0.0 |       0 |      37 |   0.0 |   872
       Snake:3 |       0 |   27772 |   0.0 |       0 |      51 |   0.0 |  1168
       Snake:4 |       0 |   73319 |   0.0 |       0 |     113 |   0.0 |  1516
       Slime:1 |       0 |   15764 |   0.0 |       0 |      38 |   0.0 |   438
       Slime:2 |       0 |    2963 |   0.0 |       0 |       3 |   0.0 |   215
       Slime:3 |       0 |   15445 |   0.0 |       0 |      32 |   0.0 |   295
       Slime:4 |       0 |   11647 |   0.0 |       0 |      27 |   0.0 |   840
       Slime:5 |       0 |   43018 |   0.0 |       0 |      36 |   0.0 |   368
         Orc:1 |       0 |    2749 |   0.0 |       0 |      36 |   0.0 |   695
         Orc:2 |       0 |   19923 |   0.0 |       0 |     108 |   0.0 |  1174
         Elf:1 |       0 |   32551 |   0.0 |       0 |      53 |   0.0 |   805
         Elf:2 |       0 |   33993 |   0.0 |       0 |      47 |   0.0 |   794
         Elf:3 |       0 |   56798 |   0.0 |       0 |      50 |   0.0 |  1301
      Vaults:1 |       0 |   56273 |   0.0 |       0 |     105 |   0.0 |  1499
      Vaults:2 |       0 |   48623 |   0.0 |       0 |      75 |   0.0 |  1557
      Vaults:3 |       0 |   61484 |   0.0 |       0 |      92 |   0.0 |  1429
      Vaults:4 |       0 |   38293 |   0.0 |       0 |      61 |   0.0 |  1208
      Vaults:5 |       0 |  137946 |   0.0 |       0 |      96 |   0.0 |  1831
      Depths:1 |     266 |   29001 |   0.9 |       1 |      43 |   2.3 |  1099
      Depths:2 |       0 |   33872 |   0.0 |       0 |      39 |   0.0 |   501
      Depths:3 |       0 |   71680 |   0.0 |       0 |      90 |   0.0 |  1508
      Depths:4 |       0 |   27674 |   0.0 |       0 |      30 |   0.0 |  1433
      Depths:5 |       0 |   76306 |   0.0 |       0 |      70 |   0.0 |  1371
         Zot:1 |       0 |   36736 |   0.0 |       0 |      25 |   0.0 |   932
         Zot:2 |       0 |   48535 |   0.0 |       0 |      25 |   0.0 |  1117
         Zot:3 |       0 |   69721 |   0.0 |       0 |      40 |   0.0 |  1347
         Zot:4 |       0 |  103513 |   0.0 |       0 |      55 |   0.0 |  1233
         Zot:5 |       0 |  178250 |   0.0 |       0 |      47 |   0.0 |   835
       Abyss:1 |   19342 |   17675 |  52.3 |      34 |      38 |  47.2 |   871
       Abyss:2 |    5598 |    1427 |  79.7 |      15 |       2 |  88.2 |   271
       Abyss:3 |   20211 |    7846 |  72.0 |      41 |      17 |  70.7 |   628
       Abyss:4 |   18562 |   12775 |  59.2 |      39 |      22 |  63.9 |   447
       Abyss:5 |   48377 |   19516 |  71.3 |      97 |      42 |  69.8 |   803
           Lab |       0 |    1215 |   0.0 |       0 |       1 |   0.0 |   504
         IceCv |       0 |    4613 |   0.0 |       0 |      21 |   0.0 |   674
    Desolation |       0 |   54110 |   0.0 |       0 |      99 |   0.0 |   911
               +---------+---------+-------+---------+---------+-------+---------
